 Dungeon Crawl Stone Soup version 0.31-a0-198-g2ad674f65e (webtiles) character file.

Game seed: 15479908052124896176

52 qw the Shooter (level 3, -1/20 HPs)
             Began as a Deep Elf Hunter on June 25, 2023.
             Succumbed to an adder's poison
             ... on level 1 of the Dungeon.
             The game lasted 00:00:28 (1151 turns).

qw the Shooter (Deep Elf Hunter)                    Turns: 1151, Time: 00:00:28

Health: -1/20      AC:  5    Str: 10    XL:     3   Next: 60%
Magic:  5/5        EV: 11    Int: 13    God:
Gold:   57         SH:  0    Dex: 18    Spells: 2/2 levels left

rFire   + . .        Y - +0 shortbow
rCold   . . .        (shield currently unavailable)
rNeg    . . .        h - +0 ring mail
rPois   .            (no helmet)
rElec   .            (no cloak)
rCorr   .            (no gloves)
SInv    .            (no boots)
Will    .....        (no amulet)
Stlth   +            i - ring of protection from fire
HPRegen 0.23/turn    (no ring)
MPRegen 0.09/turn

%: no passive effects
@: lethally poisoned (-1 -> -7)
A: no striking features
a: no special abilities


You were on level 1 of the Dungeon.
You visited 1 branch of the dungeon, and saw 2 of its levels.

You collected 57 gold pieces.


   Skills:
 - Level 1.5 Fighting
 + Level 7.1 Ranged Weapons
 - Level 2.4 Dodging
 - Level 1.2 Stealth


You had 2 spell levels left.
You didn't know any spells.
Your spell library was empty.

Inventory:

Hand Weapons
 Y - a +0 shortbow (weapon)
Armour
 h - a +0 ring mail (worn)
Jewellery
 i - a ring of protection from fire (left hand)
Scrolls
 a - a scroll of identify

Dungeon Overview and Level Annotations

Branches:
Dungeon (2/15)

Altars:


Message History

You feel sick. The adder bites you but does no damage.
The adder closely misses you. The adder completely misses you.
1144 ||| STAIRDANCE You feel sick.
The adder bites you but does no damage. The adder bites you.
The adder bites you but does no damage.
You climb upwards.
You feel sick.
There is a stone staircase leading down here.
Enter note:
Enter note:
Enter note:
Enter note: You shoot an arrow.
The arrow barely misses the adder.
You feel sick.
You are no longer poisoned.
The adder completely misses you. The adder bites you.
The adder completely misses you.
You shoot an arrow. The arrow closely misses the adder.
The adder bites you but does no damage. The adder closely misses you.
The adder barely misses you.
You shoot an arrow.
The arrow hits the adder but does no damage.
The adder is lightly wounded.
The adder bites you.
You are poisoned.
The adder poisons you! The adder bites you.
You are lethally poisoned!
The adder poisons you! The adder barely misses you.
You shoot an arrow. The arrow hits the adder.
The adder is heavily wounded.
You feel very sick. The adder barely misses you. The adder closely misses you.
The adder barely misses you.
You shoot an arrow. The arrow hits the adder.
You kill the adder!
You feel very sick. The adder bites you but does no damage.
Your Ranged Weapons skill increases to level 7!
You shoot an arrow. The arrow hits the adder!
The adder is almost dead.
You die...

### ##.##.# #.##...##.# #.#
#.##.###.........# # #.#
##.##.........##### # #.#
#...#########.# # #.# #.#......#
##'## # #.# ##....###.###...## #
##.# ##...#.# #.##.....## #..#
#.###.S# #.#.......##
...########.# #%@###..........###
.........%..###...............'..
...#########.....###..........###
#..# ##.#.####.#.......## ##.####
#........##.....## #.....#
#.##########...## #..##.# #.#
##'## #..##.# ###.##### #.#
#.###.# #.......# #.#


You could see an adder.

Vanquished Creatures
  An adder (D:1)
  A dart slug (D:1)
  7 ball pythons
  A bat (D:1)
  5 endoplasms (D:1)
  3 giant cockroaches (D:1)
  3 hobgoblins (D:1)
  4 jackals (D:1)
  8 kobolds
  4 rats (D:1)
37 creatures vanquished.

Notes
Turn   | Place    | Note
-------+----------+-------------------------------------------
     0 | D:1      | qw the Deep Elf Hunter began the quest for the Orb.
     0 | D:1      | Reached XP level 1. HP: 12/12 MP: 3/3
     0 | D:1      | 0 ||| qw: Version: 0.3-a-22-g0ed2b0b
     0 | D:1      | 0 ||| qw: Game counter: 5071
     0 | D:1      | 0 ||| qw: Melee chars always use a shield: true
     0 | D:1      | 0 ||| qw: God list: Okawaru
     0 | D:1      | 0 ||| qw: Allow faded altars: false
     0 | D:1      | 0 ||| qw: Do Orc after clearing Dungeon:15 true
     0 | D:1      | 0 ||| qw: Do second Lair branch before Depths: true
     0 | D:1      | 0 ||| qw: Lair rune preference: random
     0 | D:1      | 0 ||| qw: Goals: Normal
     0 | D:1      | 0 ||| PLANNING D:1-11
   139 | D:1      | Reached XP level 2. HP: 16/16 MP: 4/4
   140 | D:1      | Reached skill level 6 in Ranged Weapons
   670 | D:1      | Reached XP level 3. HP: 15/20 MP: 5/5
   673 | D:1      | 673 ||| FLEEEEING.
   674 | D:1      | 674 ||| FLEEEEING.
   676 | D:1      | 676 ||| FLEEEEING.
   677 | D:1      | 677 ||| FLEEEEING.
   799 | D:1      | 799 ||| FLEEEEING.
  1080 | D:1      | 1080 ||| UPGRADING to +0 ring mail.
  1090 | D:1      | 1090 ||| DROPPING +0 leather armour.
  1091 | D:1      | 1091 ||| UPGRADING to ring of protection from fire.
  1092 | D:1      | 1092 ||| READING 2 scrolls labelled BEDWAO WAUTO.
  1093 | D:1      | 1093 ||| READING 3 scrolls labelled MUVVAFAACK.
  1094 | D:1      | 1094 ||| READING scroll labelled ZIPPEU WERGH.
  1095 | D:1      | 1095 ||| READING scroll labelled QOUTAE MOCVIPH.
  1096 | D:1      | 1096 ||| DROPPING scroll of butterflies.
  1097 | D:1      | 1097 ||| DROPPING 2 scrolls of fog.
  1142 | D:2      | 1142 ||| STAIRDANCE
  1144 | D:2      | 1144 ||| STAIRDANCE
  1149 | D:1      | HP: 4/20 [poisoned by an adder]
  1150 | D:1      | HP: 1/20 [poisoned by an adder]
  1151 | D:1      | Reached skill level 7 in Ranged Weapons
  1151 | D:1      | Succumbed to an adder's poison

Levels and vault maps discovered:
D:1:      minmay_arrival_wavy_path, layout_loops_corners, serial_bayou_pond_c
D:2:      layout_basic

Skill      XL: |  1  2  3 |
---------------+----------+-----
Ranged Weapons | 6 7 |  7.1
Fighting       | |  1.5
Dodging        | |  2.4
Stealth        | |  1.2

Action                     || total
---------------------------++-------
   Fire: Shortbow          ||   102
    Use: Scroll            ||     4
 Armour: Leather armour    ||     8
         Ring mail         ||     8
  Dodge: Dodged            ||    43

Table legend:
 A = Non-vault XP
 B = Vault XP
 C = Vault XP percentage of total XP
 D = Non-vault monster count
 E = Vault monster count
 F = Vault count percentage of total count
                 A         B        C        D         E       F
            +---------+---------+-------+---------+---------+-------
      Total |      75 |       0 |   0.0 |      37 |       0 |   0.0
            +---------+---------+-------+---------+---------+-------
        D:1 |      73 |       0 |   0.0 |      35 |       0 |   0.0
        D:2 |       2 |       0 |   0.0 |       2 |       0 |   0.0
            +---------+---------+-------+---------+---------+-------
